 Dungeon Sprint DCSS version 0.30-a0-953-g5f1da4a474 (webtiles) character file.

Game seed: 6856495053068183686

6393 fozzywoppz the Severer (level 10, -4/106 HPs)
             Began as a Minotaur Fighter on Mar 29, 2023.
             Was a High Priest of Okawaru.
             Slain by a minotaur (25 damage)
             ... in the Dungeon (Sprint VII: "The Pits").
             The game lasted 00:08:38 (1761 turns).

fozzywoppz the Severer (Minotaur Fighter)           Turns: 1761, Time: 00:08:38

Health: -4/106     AC: 13    Str: 24    XL:     10   Next: 66%
Magic:  16/16      EV: 18    Int:  5    God:    Okawaru [*****.]
Gold:   0          SH:  6    Dex: 11    Spells: 9/9 levels left

rFire   . . .      SeeInvis .    q - +1 broad axe (heavy)
rCold   . . .      Faith    .    c - +0 buckler
rNeg    . . .      Spirit   .    b - +3 scale mail {rPois}
rPois   +          Reflect  .    (helmet restricted)
rElec   .          Rampage  .    (no cloak)
rCorr   .          NoTele   +    g - +0 pair of gloves
Will    .....                    (no boots) Stlth
                                 (no amulet)
HPRegen 0.37/turn                n - +3 ring of evasion
MPRegen 0.15/turn                o - +3 ring of evasion

@: no status effects
A: horns 2, retaliatory headbutt
a: Renounce Religion, Heroism, Finesse


You were in the Dungeon.
You worshipped Okawaru.
Okawaru was extremely pleased with you.
You visited 1 branch

Inventory:

Hand Weapons
 q - a +1 heavy broad axe (weapon)
Missiles
 r - a throwing net (quivered)
Armour
 a - a +4 chain mail
 b - a +3 scale mail of poison resistance (worn)
 c - a +0 buckler (worn)
 g - a +0 pair of gloves (worn)
Jewellery
 n - a +3 ring of evasion (left hand)
 o - a +3 ring of evasion (right hand)
Scrolls
 j - a scroll of blinking
 l - 5 scrolls of amnesia
 m - a scroll of butterflies
Potions
 d - a potion of mutation
 e - 9 potions of curing
 f - 11 potions of heal wounds
 h - 4 potions of magic
 i - 3 potions of berserk rage
 k - 2 potions of invisibility
 p - a potion of brilliance


   Skills:
 + Level 15.4 Fighting
 + Level 17.3 Axes
 + Level 10.8 Armour
 - Level 8.0 Dodging
 + Level 11.0 Shields
 + Level 10.2 Invocations


You had 9 spell levels left.
You didn't know any spells.
Your spell library was empty.

Dungeon Overview and Level Annotations

Branches:
Dungeon (1/1)

Altars:
Ashenzari
Cheibriados
Dithmenos
Elyvilon
Fedhas
Gozag
Hepliaklqana
Kikubaaqudgha
Makhleb
Nemelex Xobeh
Okawaru
Qazlal
Ru
Sif Muna
Trog
Uskayaw
Vehumet
Wu Jian
Xom
Yredelemnul
Zin
The Shining One
Jiyva
Lugonu


Innate Abilities, Weirdness & Mutations

You have a pair of horns on your head.
You reflexively headbutt those who attack you in melee.


Message History

An orc priest comes into view. It is wielding a +0 mace.
You hear a bellow!
You open the orc like a pillowcase!!!
You kill the orc!
Okawaru accepts your kill.
You slice the orc priest!!
You kill the orc priest!
Okawaru accepts your kill. The eidolon barely misses you.
The eidolon misses you.
You slice the eidolon!! Your headbutt misses the eidolon.
The eidolon is moderately damaged.
The eidolon hits you but does no damage.
The eidolon completely misses you.
You slice the eidolon like a ripe choko!!!
You destroy the eidolon!
Okawaru is honoured by your kill.
A minotaur comes into view. It is quivering silver javelins.
Your life force feels restored.
Your Shields skill increases to level 11!
Your Invocations skill increases to level 10!
You slice the minotaur!!
The minotaur is moderately wounded.
The minotaur hits you! The minotaur misses you.
You barely miss the minotaur. Your headbutt misses the minotaur.
The minotaur is moderately wounded.
You block the minotaur's attack. The minotaur gores you!
You slash the minotaur! You headbutt the minotaur.
The minotaur is heavily wounded.
The minotaur hits you. The minotaur misses you.
You barely miss the minotaur.
The minotaur furiously retaliates!
The minotaur headbutts you!
The minotaur is heavily wounded.
The minotaur hits you but does no damage.
You block the minotaur's attack.
You barely miss the minotaur.
The minotaur furiously retaliates!
The minotaur headbutts you!
* * * LOW HITPOINT WARNING * * *
The minotaur is heavily wounded.
The minotaur hits you!!
You die...

...##...##..##)..#
#...##'##..###...+
##..........##...#
#..###'###...##+##
..##.....##..#...#
..+.......+..+...+
+
..##.....##..#...#
o#
#..###'###...##'##


oW# ##÷..÷......##..@#..# #...##)##..###...Ho# ...##..(##..##)..###
..###...###..')..# ### ##### ######## You could see a minotaur and an orc
warrior.

Vanquished Creatures
  An eidolon (D)
  A rakshasa (D)
  Harold (D)
  3 manticores (D)
  A rime drake (D)
  2 unseen horrors (D)
  An ice devil (D)
  A guardian mummy (D)
  A tyrant leech (D)
  A snapping turtle (D)
  A flying skull (D)
  A shadow (D)
  A fire bat (D)
  A small abomination (D)
  A warg (D)
  A water moccasin (D)
  A floating eye (D)
  A black bear (D)
  An ogre (D)
  2 gnoll sergeants (D)
  3 wights (D)
  5 killer bees (D)
  2 quasits (D)
  A jelly (D)
  An orc priest (D)
  4 gnolls (D)
  A river rat (D)
  A worm (D)
  An orc (D)
  3 endoplasms (D)
  A giant cockroach (D)
  4 jackals (D)
  2 quokkas (D)
  A ball python zombie (D)
  A bat (D)
  A giant cockroach simulacrum (D)
  2 goblins (D)
  A jackal skeleton (D)
  2 kobolds (D)
  A rat (D)
62 creatures vanquished.

Notes
Turn   | Place    | Note
-------+----------+-------------------------------------------
     0 | D        | fozzywoppz the Minotaur Fighter began the quest for the
                  | Orb.
     0 | D        | Reached XP level 1. HP: 19/19 MP: 0/0
    42 | D        | Found a bloodstained altar of Trog.
    42 | D        | Found a shimmering blue altar of Sif Muna.
    42 | D        | Found a viscous altar of Jiyva.
    42 | D        | Found a hazy altar of Hepliaklqana.
    42 | D        | Found an opulent altar of Gozag.
    43 | D        | Found a glowing golden altar of the Shining One.
    43 | D        | Found a glowing silver altar of Zin.
    43 | D        | Found a basalt altar of Yredelemnul.
    43 | D        | Found a shimmering altar of Xom.
    43 | D        | Found an ornate altar of the Wu Jian Council.
    43 | D        | Found a sacrificial altar of Ru.
    43 | D        | Found a stormy altar of Qazlal.
    43 | D        | Found an iron altar of Okawaru.
    43 | D        | Found a sparkling altar of Nemelex Xobeh.
    43 | D        | Found a burning altar of Makhleb.
    43 | D        | Found a blossoming altar of Fedhas.
    43 | D        | Found a white marble altar of Elyvilon.
    43 | D        | Found a shadowy altar of Dithmenos.
    43 | D        | Found a snail-covered altar of Cheibriados.
    44 | D        | Found a radiant altar of Vehumet.
    44 | D        | Found a corrupted altar of Lugonu.
    45 | D        | Found a hide-covered altar of Uskayaw.
    45 | D        | Found an ancient bone altar of Kikubaaqudgha.
    45 | D        | Found a broken altar of Ashenzari.
    53 | D        | Became a worshipper of Warmaster Okawaru
   112 | D        | Noticed a quasit
   115 | D        | Noticed a flying skull
   120 | D        | Killed a quasit
   121 | D        | Reached skill level 5 in Fighting
   121 | D        | Reached skill level 4 in Axes
   121 | D        | Reached skill level 5 in Armour
   121 | D        | Reached skill level 5 in Shields
   121 | D        | Reached XP level 2. HP: 27/29 MP: 1/1
   121 | D        | Reached XP level 3. HP: 34/36 MP: 2/2
   130 | D        | Killed a flying skull
   130 | D        | Reached * piety under Okawaru
   131 | D        | Reached skill level 8 in Axes
   131 | D        | Reached XP level 4. HP: 29/48 MP: 3/3
   131 | D        | Reached XP level 5. HP: 33/53 MP: 4/4
   136 | D        | Noticed a warg
   140 | D        | Killed a warg
   140 | D        | Reached ** piety under Okawaru
   141 | D        | Reached skill level 10 in Fighting
   141 | D        | Reached skill level 10 in Axes
   141 | D        | Reached XP level 6. HP: 21/66 MP: 5/5
   329 | D        | Noticed a floating eye
   332 | D        | Killed a floating eye
   333 | D        | Reached skill level 12 in Axes
   354 | D        | Reached skill level 13 in Axes
   354 | D        | Reached XP level 7. HP: 25/72 MP: 3/6
   543 | D        | Noticed a tyrant leech
   556 | D        | Killed a tyrant leech
   748 | D        | Reached skill level 14 in Axes
   822 | D        | Noticed a fire bat
   822 | D        | Noticed a shadow
   830 | D        | Killed a fire bat
   831 | D        | Reached XP level 8. HP: 73/82 MP: 6/10
   831 | D        | Reached *** piety under Okawaru
   832 | D        | Reached skill level 5 in Dodging
   959 | D        | Noticed a rime drake
   968 | D        | Killed a rime drake
   969 | D        | Reached skill level 5 in Invocations
   971 | D        | Reached skill level 15 in Axes
  1004 | D        | Noticed a manticore
  1005 | D        | Noticed a manticore
  1010 | D        | Reached XP level 9. HP: 45/92 MP: 11/13
  1012 | D        | Killed a manticore
  1012 | D        | Reached **** piety under Okawaru
  1020 | D        | Killed a manticore
  1242 | D        | Noticed an ice devil
  1249 | D        | Killed an ice devil
  1250 | D        | Reached skill level 16 in Axes
  1260 | D        | Noticed a rakshasa
  1273 | D        | Killed a rakshasa
  1273 | D        | Received a gift from Okawaru
  1471 | D        | Noticed Harold
  1471 | D        | Noticed a manticore
  1479 | D        | Killed a manticore
  1480 | D        | Reached XP level 10. HP: 58/104 MP: 9/15
  1482 | D        | Killed Harold
  1483 | D        | Reached skill level 10 in Shields
  1639 | D        | Reached skill level 10 in Armour
  1647 | D        | Reached ***** piety under Okawaru
  1648 | D        | Reached skill level 15 in Fighting
  1648 | D        | Reached skill level 17 in Axes
  1750 | D        | Noticed an eidolon
  1755 | D        | Killed an eidolon
  1755 | D        | Noticed a minotaur
  1756 | D        | Reached skill level 10 in Invocations
  1761 | D        | Slain by a minotaur

Illustrated notes

Levels and vault maps discovered:
D:        pitsprint [storerooms_1, entrance_room_1, metal_vault_5, armoury_1,
          mini_pit_1, grid_room_1, main_hall_1, silver_pit, the_coven_3,
          the_vestibule_1, steel_vault_1, golden_pit, hallway_of_sentries,
          crystal_vault_4, iron_vault_4, final_vault]

Skill      XL: |  1  2  3  4  5  6  7  8  9 10 |
---------------+-------------------------------+-----
Fighting       | 5 8 10 11 12 14 15 | 15.4
Axes           | 4 8 10 13 14 15 16 17 | 17.3
Armour         | 5 8 9 10 | 10.8
Shields        | 5 6 9 11 | 11.0
Dodging        | 4 7 8 |  8.0
Invocations    | 4 6 9 10 | 10.2

Action                     |  1- 3 |  4- 6 |  7- 9 | 10-12 || total
---------------------------+-------+-------+-------+-------++-------
  Melee: War axe           |    16 |    25 |       |       ||    41
         Headbutt          |     1 |     5 |     7 |     5 ||    18
         Hand axe          |       |       |    30 |       ||    30
         Broad axe         |       |       |    48 |    28 ||    76
 Invoke: Heroism           |       |     1 |     5 |       ||     6
         Finesse           |       |       |     2 |       ||     2
    Use: Potion            |     2 |       |     1 |       ||     3
 Armour: Scale mail        |    12 |     7 |    28 |    27 ||    74
  Dodge: Dodged            |     7 |    11 |    50 |    19 ||    87
  Block: Buckler           |     5 |     9 |    23 |     8 ||    45

Table legend: (Time is in decaauts)
 A = Elapsed time spent in this place.
 B = Non-inter-level travel time spent in this place.
 C = Inter-level travel time spent in this place.
 D = Time resting spent in this place.
 E = Time spent auto-exploring this place.
 F = Levels seen in this place.
 G = Mean time per level.
                   A        B        C        D        E       F      G
               +--------+--------+--------+--------+--------+-----+--------+
         Total |   1744 |   1744 |      0 |   1028 |     46 |   1 | 1744.0 |
       Dungeon |   1744 |   1744 |      0 |   1028 |     46 |   1 | 1744.0 |
               +--------+--------+--------+--------+--------+-----+--------+

Top non-repeatable levels by time:
       D: 1744 daAuts
